AoeStats
← ihate

Black Forest

503671650Analyzed
2v2 RM · 1mo ago on Sep 1, 2026· 93m 16s· 4 players
Game mode
Random Map
Map size
Medium (4 player)
Population
200
Speed
Normal
Resources
Standard
Victory
Conquest
Starting age
Dark Age
Ending age
Imperial Age
RankedLock teamsTeams togetherTeam positionsShared explorationLock speedFull tech treeHidden civsTurbo modeCheats
Victory
Defeat
🇩🇪 Magyars · Germany
994
+33
🇩🇪 Vietnamese · Germany
923
+28
🇵🇪 Cumans · Peru
973
-17
🇺🇾 Lithuanians · Uruguay
928
-15
ihate
1:14 Loom
15:08 Feudal Age
17:33 Double-Bit Axe
20:21 Castle Age
21:48 Scale Barding Armor
24:13 Horse Collar
25:39 Heavy Plow
26:59 Bloodlines
26:52 Town Watch
29:23 Bow Saw
32:38 Chain Barding Armor
38:58 Imperial Age
36:25 Gold Mining
37:17 Forging
38:19 Wheelbarrow
37:49 Stone Mining
38:06 Chatras
38:44 Iron Casting
39:06 Elite Battle Elephant
39:46 Husbandry
40:21 Hand Cart
41:46 Fletching
43:09 Plate Barding Armor
42:31 Bodkin Arrow
43:55 Ballistics
45:03 Bracer
45:14 Guard Tower
45:13 Arrowslits
47:34 Keep
47:58 Guilds
51:58 Devotion
59:03 Light Cavalry
65:18 Elite Rattan Archer
66:25 Paper Money
67:33 Padded Archer Armor
67:51 Siege Engineers
67:44 Murder Holes
70:44 Two-Man Saw
76:51 Leather Archer Armor
81:32 Crop Rotation
83:13 Coinage
88:02 Banking
87:34 Caravan
HaZefarmer
2:09 Loom
12:24 Feudal Age
19:57 Fletching
20:15 Padded Archer Armor
28:56 Castle Age
27:01 Fletching
44:49 Elite Skirmisher
46:09 Leather Archer Armor
47:20 Bodkin Arrow
49:18 Ballistics
53:22 Thumb Ring
54:36 Scale Barding Armor
54:50 Corvinian Army
56:55 Chain Barding Armor
62:58 Imperial Age
60:50 Scale Mail Armor
61:30 Pikeman
64:09 Bracer
64:27 Chain Mail Armor
64:53 Man-at-Arms
65:04 Imperial Skirmisher
66:05 Long Swordsman
67:50 Ring Archer Armor
67:57 Plate Barding Armor
68:32 Two-Handed Swordsman
72:16 Halberdier
75:47 Conscription
76:07 Horse Collar
77:27 Heavy Plow
88:55 Arson
alex_anz
10:02 Feudal Age
10:21 Man-at-Arms
14:37 Arson
21:36 Castle Age
20:43 Forging
20:23 Fletching
25:22 Pikeman
30:49 Double-Bit Axe
35:12 Bow Saw
34:57 Loom
35:49 Wheelbarrow
39:30 Hand Cart
43:02 Imperial Age
40:18 Treadmill Crane
43:02 Husbandry
44:05 Bloodlines
43:16 Cavalier
44:46 Conscription
45:34 Iron Casting
44:59 Scale Mail Armor
45:06 Scale Barding Armor
44:53 Paladin
46:41 Gold Mining
47:20 Chain Barding Armor
47:58 Halberdier
50:51 Light Cavalry
53:02 Plate Barding Armor
56:16 Tower Shields
57:14 Redemption
57:21 Block Printing
57:36 Illumination
57:21 Winged Hussar
62:33 Chemistry
61:44 Fortified Wall
61:55 Ballistics
72:55 Horse Collar
74:36 Onager
78:18 Two-Man Saw
78:00 Elite Leitis
79:21 Coinage
79:01 Guilds
78:52 Caravan
82:51 Squires
83:50 Scale Mail Armor
87:06 Chain Mail Armor
Juminican
1:31 Loom
12:58 Feudal Age
13:27 Man-at-Arms
13:52 Arson
16:51 Forging
16:41 Scale Mail Armor
17:40 Double-Bit Axe
25:08 Castle Age
26:07 Bloodlines
25:19 Light Cavalry
26:55 Scale Barding Armor
26:42 Fletching
27:28 Iron Casting
27:59 Long Swordsman
28:41 Squires
29:32 Horse Collar
32:03 Bodkin Arrow
32:24 Chain Mail Armor
32:31 Chain Barding Armor
34:54 Gold Mining
34:55 Stone Mining
34:43 Pikeman
36:17 Wheelbarrow
35:37 Capped Ram
38:26 Bow Saw
39:48 Ballistics
39:24 Murder Holes
42:40 Imperial Age
42:44 Halberdier
44:20 Plate Mail Armor
44:51 Blast Furnace
49:14 Elite Steppe Lancer
55:49 Hussar
78:13 Caravan
81:03 Plate Barding Armor
89:26 Elite Skirmisher
Connection lost

Rejoining the realm…

Still unreachable

The connection could not be restored.

Session expired

The server has moved on; the page needs a fresh start.